 Dungeon Crawl Stone Soup version 0.21-a0-528-gf531e82 (webtiles) character file.

58 EazyBreezy the Skirmisher (level 3, -1/29 HPs)
             Began as a Demonspawn Abyssal Knight on Dec 8, 2017.
             Was a Follower of Lugonu.
             Slain by a gnoll
             ... wielding a +0 spear
              (5 damage)
             ... on level 2 of the Dungeon.
             The game lasted 00:04:31 (1386 turns).

EazyBreezy the Skirmisher (DsAK)                    Turns: 1386, Time: 00:04:31

Health: -1/29      AC:  5    Str: 12    XL:     3   Next: 76%
Magic:  5/5        EV: 11    Int: 13    God:    Lugonu [*.....]
Gold:   103        SH:  0    Dex: 13    Spells: 2/2 levels left

rFire    . . .     SeeInvis .   a - +1 falchion
rCold    . . .     Gourm    .   (no shield)
rNeg     . . .     Faith    .   b - +0 leather armour
rPois    .         Spirit   .   f - +0 helmet
rElec    .         Reflect  .   j - +0 cloak
rCorr    .         Harm     .   (no gloves)
MR       .....                  (no boots)
Stlth    +.........             l - amulet of magic regeneration
HPRegen  0.09/turn              e - ring of wizardry
MPRegen  0.34/turn              (no ring)

@: no status effects
A: powered by pain 1, spiny 1
a: Depart the Abyss, Renounce Religion


You were on level 2 of the Dungeon.
You worshipped Lugonu.
Lugonu was aware of your devotion.
You were not hungry.

You visited 1 branch of the dungeon, and saw 2 of its levels.
You visited the Abyss 1 time.

You collected 103 gold pieces.

Inventory:

Hand Weapons
 a - a +1 falchion (weapon)
Armour
 b - a +0 leather armour (worn)
 f - a +0 helmet (worn)
 j - a +0 cloak (worn)
Jewellery
 e - a ring of wizardry (left hand)
 l - an amulet of magic regeneration (around neck)
Potions
 c - a potion of berserk rage {unknown}
 d - a potion of invisibility {unknown}
 g - 3 potions of curing
 m - a potion of agility {unknown}
Comestibles
 h - a fruit


   Skills:
 * Level 3.5 Fighting
 * Level 2.2 Long Blades
 * Level 2.2 Armour
 * Level 1.4 Dodging
 * Level 1.0 Stealth
 * Level 2.8 Invocations


You had 2 spell levels left.
You didn't know any spells.

Dungeon Overview and Level Annotations

Branches:
Dungeon (2/15)

Altars:
Fedhas
Hepliaklqana

Annotations:
D:2 2 transporters


Innate Abilities, Weirdness & Mutations

You sometimes gain a little power by taking damage.
You are partially covered in sharp spines.


Message History

You barely miss the gnoll.
The gnoll is moderately wounded.
The gnoll is struck by your spines. The gnoll hits you but does no damage.
The gnoll closely misses you.
Found a lumpy pink potion.
Found a transporter.
The gnoll hits you with a whip.
* * * LOW HITPOINT WARNING * * *
The bat hits you but does no damage. The gnoll barely misses you.
The gnoll misses you. The bat barely misses you.
The bat is struck by your spines.
You kill the bat!
Lugonu accepts your kill. The gnoll is struck by your spines.
The gnoll hits you with a whip.
* * * LOW HITPOINT WARNING * * *
A giant cockroach comes into view.
You hit the giant cockroach.
The giant cockroach is moderately wounded.
The gnoll hits you from afar with a spear.
You die...

#...........###
####............. #
#.........>.......
#.................
#.....#...........
#..........#......
#..........#......
#.........s#...##
#...######@.....+
#########.g..##+#.
##....'..g.'....
#####...#.#.g..#......#....
##.....©........# .....#....
#..#########....+...........
#.##8$$_.Z8##...#...........
#.#..%($?$oO#.............##
#)#.##$..##.#.....##.g......


You could see a two-headed ogre, 3 gnolls, an orc and a giant cockroach.

Vanquished Creatures
  2 gnolls
  An ooze (D:1)
  2 dart slugs (D:1)
  A leopard gecko (D:2)
  5 bats
  2 hobgoblins
  A quokka (D:1)
  A frilled lizard (D:1)
  7 goblins
  6 kobolds (D:1)
  2 rats (D:1)
30 creatures vanquished.

Notes
Turn   | Place    | Note
-------+----------+-------------------------------------------
     0 | Abyss:1  | EazyBreezy the Demonspawn Abyssal Knight began the quest for the Orb.
     0 | Abyss:1  | Reached XP level 1. HP: 18/18 MP: 2/2
    26 | D:1      | Escaped the Abyss
   408 | D:1      | Reached skill level 1 in Dodging
   408 | D:1      | Gained mutation: You sometimes gain a little power by taking damage. [demonic ancestry]
   408 | D:1      | Reached XP level 2. HP: 24/24 MP: 3/3
   530 | D:1      | Reached * piety under Lugonu
   660 | D:1      | Gained mutation: You are partially covered in sharp spines. [demonic ancestry]
   660 | D:1      | Reached XP level 3. HP: 16/29 MP: 5/5
  1243 | D:2      | Found a blossoming altar of Fedhas.
  1325 | D:2      | Found a hazy altar of Hepliaklqana.
  1325 | D:2      | Noticed a two-headed ogre
  1341 | D:2      | Found a transporter.
  1346 | D:2      | Reached skill level 1 in Stealth
  1363 | D:2      | Found a transporter.
  1386 | D:2      | Slain by a gnoll

Vault maps used:
D:1:      scummos_arrival_star
D:2:      led_sif_pool, lemuel_coloured_pillars_altar,
          gammafunk_temple_overflow_arena, fedhas_altar_3, uniq_jessica

Skill      XL: |  1  2  3 |
---------------+----------+-----
Armour         | 2 |  2.2
Dodging        | 1 |  1.4
Long Blades    | 2 |  2.2
Stealth        | 1 |  1.0
Fighting       | |  3.5
Invocations    | |  2.8

Action                   || total
-------------------------++-------
Melee: Falchion          ||    81
Invok: Depart the Abyss  ||     1
  Use: Scroll            ||     2
  Eat: Bread ration      ||     1
Armor: Leather armour    ||    32
Dodge: Dodged            ||    67
       Rpst.: Falchion   ||    21

Table legend:
 A = Spawn XP
 B = Non-spawn XP
 C = Spawn XP percentage of total XP
 D = Spawn monster count
 E = Non-spawn monster count
 F = Spawn count percentage of total count
 G = Total turns spent on level
                    A         B        C        D         E        F      G
               +---------+---------+-------+---------+---------+-------+---------
         Total |       0 |      84 |   0.0 |       0 |      30 |   0.0 |  1386
               +---------+---------+-------+---------+---------+-------+---------
           D:1 |       0 |      57 |   0.0 |       0 |      23 |   0.0 |  1205
           D:2 |       0 |      27 |   0.0 |       0 |       7 |   0.0 |   155
               +---------+---------+-------+---------+---------+-------+---------
